 Dungeon Crawl Stone Soup version 0.26-a0-1176-g060ceda6a5 (webtiles) character file.

Game seed: 1736484551505129270

28 Lanoc the Poker (level 3, -3/29 HPs)
             Began as a Merfolk Fighter on Dec 24, 2020.
             Slain by an orc warrior
             ... wielding a +0 glaive
              (20 damage)
             ... on level 3 of the Dungeon.
             The game lasted 00:00:59 (657 turns).

Lanoc the Poker (Merfolk Fighter)                    Turns: 657, Time: 00:01:01

Health: -3/29      AC:  7    Str: 16    XL:     3   Next: 12%
Magic:  3/3        EV:  9    Int:  7    God:
Gold:   76         SH:  5    Dex: 14    Spells: 2/2 levels left

rFire    . . .     SeeInvis .   a - +0 trident
rCold    . . .     Faith    .   h - +0 buckler
rNeg     . . .     Spirit   .   b - +0 scale mail
rPois    +         Reflect  .   e - +1 hat
rElec    .         Harm     .   (no cloak)
rCorr    .         Rampage  .   (no gloves)
Will     .....                  (no boots)
Stlth    ..........             (no amulet)
HPRegen  0.09/turn              g - ring of poison resistance
MPRegen  0.08/turn              (no ring)

@: no status effects
A: change form in water, swift swim, stealthy swim
a: no special abilities


You were on level 3 of the Dungeon.
You visited 1 branch of the dungeon, and saw 3 of its levels.

You collected 76 gold pieces.

Inventory:

Hand Weapons
 a - a +0 trident (weapon)
Armour
 b - a +0 scale mail (worn)
 c - a +0 kite shield
 e - a +1 hat (worn)
 h - a +0 buckler (worn)
Jewellery
 g - a ring of poison resistance (left hand)
Potions
 d - a potion of might
 f - a potion of heal wounds {unknown}


   Skills:
 + Level 3.5 Fighting
 * Level 4.0 Polearms
 + Level 2.3 Armour
 + Level 1.4 Dodging
 + Level 3.0 Shields


You had 2 spell levels left.
You didn't know any spells.
Your spell library was empty.

Dungeon Overview and Level Annotations

Branches:
Dungeon (3/15)

Altars:


Message History

The weapon returns to the orc!
The orc grunts loudly.
The orc hits you but does no damage.
You reach to attack!
You closely miss the orc. You block the orc's attack.
You reach to attack!
You hit the orc but do no damage. The orc closely misses you.
You reach to attack!
You hit the orc.
The orc is heavily wounded.
The orc hits you but does no damage. The orc warrior closely misses you.
You reach to attack!
You hit the orc.
The orc is heavily wounded.
The orc barely misses you.
You reach to attack!
You puncture the orc!
You kill the orc!
The orc warrior hits you from afar with a +0 glaive!
You reach to attack!
You hit the orc warrior but do no damage.
The orc warrior hits you from afar with a +0 glaive!!
Ouch! That really hurt!
You die...

##.....## ....# ##...##
...#
####'#######'#######
#...................
#####...................
....)...................
########'#######o######
# ##...## ##...## #
##.....###..@..# #
#.......#.......# #
#.......#...)...#
#####.......#...?...#
...###.....###...?.##
...####...## ##...##
......##### #####
...##.# ...##.#


You could see an orc warrior.

Vanquished Creatures
  An adder (D:3)
  2 leopard geckos
  3 orcs (D:3)
  A giant cockroach (D:3)
  A quokka (D:2)
  A bat (D:3)
  A frilled lizard (D:1)
  A goblin (D:2)
  3 kobolds
  A rat (D:1)
15 creatures vanquished.

Notes
Turn   | Place    | Note
-------+----------+-------------------------------------------
     0 | D:1      | Lanoc the Merfolk Fighter began the quest for the Orb.
     0 | D:1      | Reached XP level 1. HP: 18/18 MP: 1/1
   195 | D:2      | Reached XP level 2. HP: 24/24 MP: 2/2
   524 | D:3      | Reached skill level 1 in Dodging
   533 | D:3      | Reached XP level 3. HP: 24/29 MP: 3/3
   602 | D:3      | Reached skill level 4 in Polearms
   647 | D:3      | Noticed an orc warrior
   657 | D:3      | Slain by an orc warrior

Illustrated notes

Levels and vault maps discovered:
D:1:      dpeg_arrival_renting, layout_loops_ring
D:2:      layout_loops_ring, nicolae_ru_path_of_blood
D:3:      kennysheep_six_static_rooms, layout_basic,
          lemuel_coloured_pillars_altar, bh_walls_and_bars

Skill      XL: |  1  2  3 |
---------------+----------+-----
Dodging        | 1 |  1.4
Polearms       | 4 |  4.0
Fighting       | |  3.5
Armour         | |  2.3
Shields        | |  3.0

Action                   || total
-------------------------++-------
Melee: Trident           ||    83
Armor: Scale mail        ||    35
Dodge: Dodged            ||    20
Block: Kite shield       ||    27
       Buckler           ||     2

Table legend: (Time is in decaauts)
 A = Elapsed time spent in this place.
 B = Non-inter-level travel time spent in this place.
 C = Inter-level travel time spent in this place.
 D = Time resting spent in this place.
 E = Time spent auto-exploring this place.
 F = Levels seen in this place.
 G = Mean time per level.
                   A        B        C        D        E       F      G
               +--------+--------+--------+--------+--------+-----+--------+
         Total |    673 |    656 |     17 |      0 |    491 |   3 |  224.3 |
       Dungeon |    673 |    656 |     17 |      0 |    491 |   3 |  224.3 |
               +--------+--------+--------+--------+--------+-----+--------+

Top non-repeatable levels by time:
     D:3: 465 daAuts
     D:1: 111 daAuts
     D:2: 96 daAuts
